Map: Eternal Empire LE

Players

Neeb

  • Race: Protoss Protoss
  • Spawn Location: 7:00

INnoVation - Winner!

  • Race: Terran Terran
  • Spawn Location: 1:00

VOD

Have the link to the VOD?

Description

Time

  • Played on: July 16, 2020, 9:55 a.m.
  • Length: 8:35
Show
View Real Time Build Order
Export as new Build Order

Neeb Protoss 

Build Orders: 1 Gate Expand, Blink Stalkers 

Get SALT Encoding   

  12  0:00  Probe  
  13  0:12  Probe  
  14  0:17  Pylon  
  14  0:23  Probe  
  15  0:31  Probe  
  15  0:36  Gateway  
  15  0:39  Probe  
  16  0:48  Assimilator  
  17  0:51  Probe  
  18  1:03  Probe  
  19  1:15  Probe  
  20  1:23  Nexus  
  20  1:34  Cybernetics Core  
  20  1:35  Probe  
  21  1:42  Assimilator  
  21  1:48  Probe  
  21  1:50  Pylon  
  22  1:56  Probe  
  22  2:01  Stalker  
  23  2:04  Probe  
  24  2:11  Warp Gate  
  24  2:14  Probe  
  27  2:25  Twilight Council  
  27  2:26  Probe  
  28  2:32  Probe  
  28  2:35  Stalker  
  31  2:39  Probe  
  31  2:40  Probe  
  31  2:41  Blink  
  32  2:50  Probe  
  32  2:51  Probe  
  35  3:02  Probe  
  35  3:03  Probe  
  37  3:09  Gateway  
  37  3:15  Gateway  
  37  3:16  Probe  
  37  3:19  Probe  
  39  3:25  Robotics Facility  
  39  3:28  Probe  
  39  3:31  Probe  
  41  3:40  Probe  
  42  3:43  Probe  
  42  3:44  Assimilator  
  42  3:47  Pylon  
  43  3:48  Pylon  
  43  3:53  Probe  
  43  3:55  Probe  
  45  4:05  Probe, Stalker  
  45  4:06  Stalker  
  45  4:09  Probe, Stalker  
  53  4:11  Observer  
  53  4:14  Shield Battery  
  54  4:19  Pylon  
  54  4:25  Observer  
  54  4:29  Stalker x2  
  58  4:33  Stalker  
  61  4:38  Probe x2  
  61  4:43  Pylon  
  63  4:50  Probe  
  60  4:53  Stalker x2  
  60  4:55  Probe  
  61  5:02  Probe  
  61  5:03  Stalker  
  64  5:08  Probe  
  65  5:15  Probe  
  65  5:20  Probe  
  66  5:25  Stalker x2  
  66  5:27  Probe  
  71  5:32  Probe  
  68  5:41  Probe  
  69  5:45  Forge  
  69  5:47  Nexus  
  69  5:50  Probe  
  69  5:51  Probe  
  69  5:54  Forge  
  71  5:58  Probe  
  71  5:59  Probe  
  71  6:00  Sentry x2  
  71  6:01  Observer  
  78  6:07  Protoss Ground Weapons Level 1  
  78  6:11  Charge  
  78  6:14  Pylon  
  78  6:16  Pylon  
  78  6:17  Protoss Ground Armor Level 1  
  78  6:18  Pylon  
  78  6:32  Probe x2  
  80  6:44  Probe x2  
  80  6:45  Warp Prism  
  80  6:46  Gateway  
  84  6:47  Gateway  
  84  6:50  Gateway  
  84  6:58  Probe  
  79  7:01  Probe  
  79  7:03  Probe  
  81  7:09  Templar Archives  
  81  7:10  Probe  
  81  7:13  Gateway, Probe  
  81  7:14  Gateway  
  81  7:15  Probe  
  84  7:16  Immortal  
  84  7:17  Zealot x3  
  90  7:26  Probe x2  
  96  7:30  Probe  
  96  7:32  Assimilator  
  96  7:35  Assimilator  
  96  7:36  Assimilator  
  97  7:38  Probe  
  97  7:42  Probe  
  97  7:44  Shield Battery  
  99  7:45  Zealot  
  99  7:48  Pylon  
  100  7:55  Probe  
  96  8:00  Probe  
  96  8:01  Probe  
  98  8:07  Zealot x3  
  98  8:08  Probe, Zealot x3  
  113  8:16  Probe  
  113  8:18  Probe  
  115  8:20  Probe  
  100  8:28  Stalker x3, Zealot  
  100  8:29  Zealot x2  
Show
View Real Time Build Order
Export as new Build Order

INnoVation Terran - Winner!

Build Orders: Reaper Expand 

Get SALT Encoding   

  12  0:00  SCV  
  13  0:12  SCV  
  14  0:17  Supply Depot  
  14  0:25  SCV  
  15  0:38  SCV  
  15  0:40  Barracks  
  16  0:44  Refinery  
  16  0:50  SCV  
  17  1:03  SCV  
  18  1:15  SCV  
  19  1:27  Reaper, Orbital Command  
  20  1:46  Command Center  
  20  1:52  Supply Depot  
  20  1:54  SCV  
  21  1:59  Marine  
  22  2:06  SCV  
  23  2:10  Factory  
  23  2:17  Refinery  
  23  2:18  SCV  
  23  2:21  Barracks Reactor  
  24  2:30  SCV  
  25  2:38  Bunker  
  25  2:42  SCV  
  26  2:54  SCV  
  26  2:55  Widow Mine, Starport  
  26  2:58  Orbital Command  
  29  3:03  Marine  
  29  3:04  Marine  
  31  3:07  SCV  
  32  3:17  Widow Mine  
  34  3:21  SCV  
  34  3:22  Marine x2  
  34  3:24  SCV  
  38  3:32  Medivac  
  38  3:33  Supply Depot, SCV  
  41  3:39  Widow Mine  
  41  3:40  SCV  
  43  3:42  Marine x2  
  43  3:45  SCV  
  46  3:52  Supply Depot  
  46  3:55  SCV  
  47  3:57  SCV  
  47  3:59  Marine  
  47  4:00  Factory Tech Lab, Marine  
  47  4:02  Starport Tech Lab  
  50  4:08  SCV  
  50  4:09  SCV  
  52  4:17  Supply Depot  
  52  4:18  Marine x2  
  52  4:19  Siege Tank  
  52  4:20  SCV  
  52  4:21  SCV  
  59  4:28  Command Center  
  59  4:31  Raven  
  59  4:34  SCV  
  62  4:39  Supply Depot, SCV  
  62  4:40  Marine x2  
  65  4:51  SCV x2  
  67  4:54  Siege Tank  
  70  5:01  Marine x2  
  70  5:03  SCV x2, Bunker  
  72  5:15  SCV x2  
  72  5:16  Barracks  
  72  5:17  Barracks  
  72  5:19  Marine x2  
  72  5:24  Refinery x2  
  72  5:27  Supply Depot  
  72  5:29  SCV  
  72  5:30  SCV  
  69  5:36  Engineering Bay  
  69  5:38  Engineering Bay  
  69  5:41  Orbital Command  
  69  5:42  Marine x2  
  71  5:46  SCV x2  
  73  5:55  Starport Reactor, Factory Reactor  
  73  6:00  Marine x2  
  75  6:04  Terran Infantry Weapons Level 1, Terran Infantry Armor Level 1  
  75  6:07  SCV x2  
  77  6:12  Stimpack, Combat Shield  
  77  6:17  Barracks  
  77  6:18  Barracks  
  77  6:21  Marine x2  
  77  6:25  Marauder x2  
  83  6:29  Supply Depot x2  
  83  6:35  Medivac x2  
  83  6:36  Widow Mine x2  
  83  6:39  Marine x2  
  93  6:44  Supply Depot  
  97  6:47  Marauder x2  
  97  6:58  Widow Mine x2  
  98  7:01  SCV  
  98  7:02  SCV  
  98  7:03  Supply Depot  
  98  7:06  Barracks Tech Lab, Barracks Reactor  
  98  7:07  Orbital Command  
  100  7:09  Medivac  
  100  7:14  SCV x2  
  104  7:19  Medivac, Missile Turret  
  104  7:20  Marine x2  
  104  7:21  Widow Mine x2, Marauder x2  
  104  7:22  Missile Turret  
  116  7:27  SCV x2  
  118  7:32  SCV  
  118  7:33  Armory  
  119  7:39  Marauder, SCV x2  
  119  7:41  Marine x2  
  119  7:42  Marauder x2  
  129  7:44  Widow Mine x2  
  133  7:58  Supply Depot  
  133  7:59  Supply Depot  
  133  8:01  Medivac, SCV x3  
  133  8:04  Refinery  
  133  8:05  Refinery  
  138  8:09  Marauder x3  
  144  8:18  SCV x3  
Tags
 
Add a new tag
Caveats
  • Supply blocks, unpowered buildings, or Contaminate may cause inaccurate times.
  • Supply counts are checked every 10 seconds.